 Dungeon Crawl Stone Soup version 0.22.1-1-ga44c0e56f4 (webtiles) character file.

7407 havltek the Fighter (level 10, -16/97 HPs)
             Began as a Minotaur Fighter on Sept 29, 2018.
             Was a Believer of Zin.
             Demolished by a very large slime creature (21 damage)
             ... on level 12 of the Dungeon.
             The game lasted 00:47:12 (9433 turns).

havltek the Fighter (Minotaur Fighter)              Turns: 9433, Time: 00:47:13

Health: -16/97     AC:  9    Str: 24    XL:     10   Next: 92%
Magic:  18/18      EV:  8    Int:  9    God:    Zin [**....]
Gold:   329        SH: 21    Dex: 10    Spells: 9/9 levels left

rFire    . . .     SeeInvis .   x - +2 hand axe (freeze)
rCold    . . .     Gourm    .   I - +0 large shield
rNeg     . . .     Faith    .   M - +0 troll leather armour
rPois    .         Spirit   .   h - +2 hat
rElec    .         Reflect  +   (no cloak)
rCorr    .         Harm     .   (no gloves)
MR       .....                  L - +0 pair of boots (curse)
Stlth    +.........             y - +4 amulet of reflection
HPRegen  0.66/turn              C - +4 ring of intelligence
MPRegen  0.16/turn              D - ring of magical power

@: no status effects
A: retaliatory headbutt, horns 2
a: Recite, Vitalisation, Donate Gold, Renounce Religion


You were on level 12 of the Dungeon.
You worshipped Zin.
Zin was pleased with you.
You were not hungry.

You visited 2 branches of the dungeon, and saw 11 of its levels.

You collected 365 gold pieces.
You donated 36 gold pieces to Zin.

Inventory:

Hand Weapons
 a - a +0 war axe
 g - a +0 club
 i - a +0 club
 k - a +0 dagger
 l - a +0 club
 p - a +0 hand axe
 q - a +0 whip
 x - a +2 hand axe of freezing (weapon)
Missiles
 e - 290 stones
 u - 23 bolts
 v - 81 arrows
 P - 2 javelins (quivered)
Armour
 b - a +0 scale mail
 c - a +0 shield
 h - a +2 hat (worn)
 j - a +0 robe
 m - a +0 leather armour
 o - a +0 helmet
 r - a +0 ring mail
 w - a +0 leather armour
 I - a +0 large shield (worn)
 L - a cursed +0 pair of boots (worn)
 M - a +0 troll leather armour (worn)
 O - a +0 chain mail
Jewellery
 y - a +4 amulet of reflection (around neck)
 C - a +4 ring of intelligence (left hand)
 D - a ring of magical power (right hand)
 T - an uncursed ring of magical power
Wands
 H - a wand of iceblast (22)
 R - a wand of paralysis (16)
Scrolls
 n - 5 scrolls of remove curse
 s - 3 scrolls of teleportation {unknown}
 t - 8 scrolls of identify {unknown}
 z - a scroll of enchant weapon
 F - a scroll of acquirement {unknown}
 G - a scroll of brand weapon {unknown}
 J - a scroll of enchant armour {unknown}
 N - a scroll of amnesia {unknown}
 Q - a scroll of fog {unknown}
Potions
 d - a potion of might
 A - a potion of berserk rage {unknown}
 B - a potion of resistance {unknown}
 E - 2 potions of haste {unknown}
 K - 2 potions of brilliance {unknown}
 S - a potion of heal wounds {unknown}
Comestibles
 f - 6 rations


   Skills:
 + Level 11.8 Fighting
 + Level 11.5 Axes
 + Level 9.4 Armour
 - Level 0.2 Dodging
 + Level 9.1 Shields


You had 9 spell levels left.
You didn't know any spells.
Your spell library was empty.

Dungeon Overview and Level Annotations

Branches:
Dungeon (9/15)             Temple (1/1) D:6
   Lair: D:8-11         Orc: D:9-12

Altars:
Ashenzari
Cheibriados
Dithmenos
Elyvilon
Fedhas
Gozag
Kikubaaqudgha
Makhleb
Nemelex Xobeh
Okawaru
Qazlal
Ru
Sif Muna
Trog
Uskayaw
Vehumet
Xom
Yredelemnul
Zin
The Shining One

Shops:
D:8 *


Innate Abilities, Weirdness & Mutations

You reflexively headbutt those who attack you in melee.
You have a pair of horns on your head.


Message History

* * * LOW HITPOINT WARNING * * *
You block the very large slime creature's attack.
You hit the very large slime creature but do no damage.
You headbutt the very large slime creature.
The very large slime creature is heavily wounded.
You hit the large slime creature but do no damage.
You block the large slime creature's attack.
The very large slime creature hits you!!
* * * LOW HITPOINT WARNING * * *
Your shield prevents you from hitting the very large slime creature.
The very large slime creature is heavily wounded.
You hit the large slime creature. You freeze the large slime creature.
You block the large slime creature's attack.
You block the very large slime creature's attack.
As you read the scroll labeled UGAHEOCWEPN, it crumbles to dust.
It is a scroll of enchant weapon.
Your +1 hand axe of freezing glows red for a moment.
You block the large slime creature's attack.
The very large slime creature hits you!!
You die...

#...........†#..##........#
#............'.###........#
#............### #........#
###'########## #..).....#
#..#### ###)###### ##....#
#)####### ####.# #.......#
#.##### ##########'#
#...J@# #...........
########J# #...........
#.........####...........
#.........+..#...........
#.........##.'...........
#.........####...........
#'######## #...........
#...##### #.....>.....
###.....# ####'#######


You could see a very large slime creature and a large slime creature.

Vanquished Creatures
  A two-headed ogre (D:12)
  A cyclops (D:12)
  Joseph (D:7)
  2 kobold demonologists (D:12)
  3 trolls
  A slime creature (D:12)
  3 hippogriffs
  4 yaks (D:8)
  A hungry ghost (D:12)
  A water moccasin (D:7)
  3 orc warriors
  2 ice beasts
  4 sky beasts
  5 ogres
  A phantom (D:8)
  2 centaurs (D:7)
  A big kobold (D:12)
  6 bullfrogs
  A scorpion (D:4)
  4 killer bees (D:7)
  A crimson imp (D:7)
  A centaur zombie (D:7)
  A quasit (D:9)
  4 hounds
  4 orc priests
  7 orc wizards
  2 bullfrog skeletons
  4 centaur skeletons
  2 gnoll shamans (D:6)
  An iguana (D:8)
  2 worker ants
  A hound zombie (D:8)
  2 hound skeletons
  16 gnolls
  5 adders
  2 shadow imps
  3 oozes
  A worm (D:6)
  2 dart slugs (D:1)
  3 leopard geckos
  18 orcs
  5 bats
  4 goblins
  8 hobgoblins
  16 jackals
  10 kobolds
  3 quokkas
  3 ball pythons
  3 frilled lizards
  2 rats
183 creatures vanquished.

Vanquished Creatures (others)
  An ogre (D:7)
  A centaur (D:7)
  A big kobold (D:7)
  A bullfrog (D:7)
  A killer bee (D:7)
  A howler monkey (D:7)
  A centaur zombie (D:7)
  An iguana (D:7)
  A hound zombie (D:7)
  An adder (D:7)
  A jackal (D:7)
11 creatures vanquished.

Grand Total: 194 creatures vanquished

Notes
Turn   | Place    | Note
-------+----------+-------------------------------------------
     0 | D:1      | havltek the Minotaur Fighter began the quest for the Orb.
     0 | D:1      | Reached XP level 1. HP: 19/19 MP: 0/0
   176 | D:1      | Reached XP level 2. HP: 26/27 MP: 1/1
   344 | D:1      | Reached XP level 3. HP: 29/33 MP: 2/2
  2104 | D:2      | Reached XP level 4. HP: 40/41 MP: 3/3
  2183 | D:2      | Found a sparkling altar of Nemelex Xobeh.
  2185 | D:2      | Found a glowing golden altar of the Shining One.
  2188 | D:2      | Found an opulent altar of Gozag.
  2212 | D:2      | Reached skill level 5 in Fighting
  2731 | D:3      | Found a glowing silver altar of Zin.
  2761 | D:3      | Became a worshipper of Zin the Law-Giver
  2761 | D:3      | Reached * piety under Zin
  2833 | D:3      | Found a sacrificial altar of Ru.
  2911 | D:3      | You fall through a shaft for 2 floors!
  2911 | D:5      | Entered Level 5 of the Dungeon
  2943 | D:4      | Noticed an ogre
  2951 | D:4      | Killed an ogre
  2951 | D:4      | Reached XP level 5. HP: 36/50 MP: 4/4
  3058 | D:4      | Reached skill level 5 in Axes
  3058 | D:4      | Reached XP level 6. HP: 57/57 MP: 5/5
  3415 | D:4      | You fall through a shaft for 2 floors!
  3445 | D:6      | Reached ** piety under Zin
  3460 | D:6      | Noticed a hippogriff
  3474 | D:6      | Killed a hippogriff
  3474 | D:6      | Reached XP level 7. HP: 44/66 MP: 6/6
  3883 | D:6      | Found a staircase to the Ecumenical Temple.
  3988 | Temple   | Entered the Ecumenical Temple
  4434 | D:6      | Reached XP level 8. HP: 19/75 MP: 7/7
  6082 | D:7      | Reached skill level 5 in Armour
  6231 | D:7      | Found a burning altar of Makhleb.
  6288 | D:7      | Reached skill level 5 in Shields
  6306 | D:7      | Found a shimmering altar of Xom.
  6608 | D:7      | Noticed Joseph
  6624 | D:7      | Killed Joseph
  6624 | D:7      | Reached XP level 9. HP: 42/85 MP: 8/8
  6953 | D:8      | Reached skill level 10 in Fighting
  6966 | D:8      | Found a shattered altar of Ashenzari.
  7327 | D:8      | Reached skill level 10 in Axes
  7356 | D:8      | Found Latutsus's Evil Emporium.
  7360 | D:8      | Found a basalt altar of Yredelemnul.
  7621 | D:8      | Noticed a troll
  7632 | D:8      | Killed a troll
  7632 | D:8      | Reached XP level 10. HP: 77/94 MP: 9/9
  8264 | D:9      | Found an ancient bone altar of Kikubaaqudgha.
  8610 | D:9      | You fall through a shaft for 3 floors!
  8789 | D:12     | Noticed a cyclops
  8798 | D:12     | Killed a cyclops
  8949 | D:12     | HP: 3/96 [large slime creature (35)]
  8950 | D:12     | Zin protects you from harm!
  8955 | D:12     | Zin protects you from harm!
  8961 | D:12     | HP: 4/96 [slime creature (7)]
  9213 | D:12     | Noticed a two-headed ogre
  9225 | D:12     | Killed a two-headed ogre
  9431 | D:12     | HP: 4/97 [very large slime creature (20)]
  9433 | D:12     | Demolished by a very large slime creature

Skill      XL: |  1  2  3  4  5  6  7  8  9 10 |
---------------+-------------------------------+-----
Armour         | 4 6 7 9 |  9.4
Fighting       | 4 5 6 7 8 9 10 11 | 11.8
Axes           | 3 4 5 6 8 9 10 11 | 11.5
Shields        | 5 7 9 |  9.1
Dodging        | |  0.2

Action                   |  1- 3 |  4- 6 |  7- 9 | 10-12 || total
-------------------------+-------+-------+-------+-------++-------
Melee: War axe           |    72 |       |       |       ||    72
       Headbutt          |    11 |    16 |    52 |    47 ||   126
       Hand axe          |       |    98 |   213 |   202 ||   513
  Use: Scroll            |       |     2 |       |     1 ||     3
       Potion            |       |       |     1 |       ||     1
  Eat: Ration            |     1 |     1 |     4 |     2 ||     8
       Chunk             |       |     1 |     1 |     2 ||     4
Armor: Scale mail        |    34 |       |       |       ||    34
       Ring mail         |     7 |    49 |    61 |       ||   117
       Troll leather arm |       |       |       |    31 ||    31
Dodge: Dodged            |    33 |    36 |    54 |    31 ||   154
Block: Shield            |    55 |    93 |   114 |       ||   262
       Reflection        |       |       |    11 |     3 ||    14
       Large shield      |       |       |    60 |   204 ||   264
